 Dungeon Crawl Stone Soup version 0.30.0-29-ga12c61a403 (webtiles) character file.

Game seed: 16314604771758374239

1180 belegose the Covered (level 8, -1/70 HPs)
             Began as an Armataur Warper on June 9, 2023.
             Was a Believer of Okawaru.
             Slain by an ogre
             ... wielding a +0 giant spiked club
              (20 damage)
             ... on level 4 of the Dungeon.
             The game lasted 00:16:12 (5030 turns).

belegose the Covered (Armataur Warper)              Turns: 5030, Time: 00:16:13

Health: -1/70      AC: 11    Str: 18    XL:     8   Next: 18%
Magic:  11/11      EV:  8    Int: 20    God:    Okawaru [**....]
Gold:   206        SH:  0    Dex: 10    Spells: 10/10 levels left

rFire   + . .        y - +7 short sword "Ivokhlots" {drain, Int+6}
rCold   . . .        (no shield)
rNeg    . . .        u - +0 ring mail
rPois   .            v - +0 helmet
rElec   .            (no cloak)
rCorr   .            (no gloves)
SInv    .            (no barding)
Will    .....        (no amulet) Stlth
                     r - ring of protection from fire
HPRegen 0.31/turn    E - +4 ring of protection
MPRegen 0.12/turn

%: roll
@: no status effects
A: large, rugged brown scales 3, deformed body, armoured tail, roll, long
tongue, awkward tongue
a: Renounce Religion, Heroism


You were on level 4 of the Dungeon.
You worshipped Okawaru.
Okawaru was pleased with you.
You visited 1 branch of the dungeon, and saw 5 of its levels.
You also visited: Sewer and Ossuary.

You collected 206 gold pieces.

Inventory:

Hand Weapons
 a - a +0 dagger of venom
 b - a +0 sling
 w - a +0 hand axe of flaming
 y - the +7 short sword "Ivokhlots" (weapon) {drain, Int+6}
   (You found it on level 4 of the Dungeon)

   Int:       It affects your intelligence (+6).
 G - the +5 whip of the Reaper {venom, rF+ Dex+2}
   (You found it on level 5 of the Dungeon)

   Dex:       It affects your dexterity (+2).
   rF:        It protects you from fire.
Missiles
 m - 11 stones (quivered)
Armour
 d - a +2 robe of resistance
 u - a +0 ring mail (worn)
 v - a +0 helmet (worn)
Jewellery
 r - a ring of protection from fire (left hand)
 E - a +4 ring of protection (right hand)
Scrolls
 c - 3 scrolls of blinking
 e - 9 scrolls of identify {unknown}
 f - 3 scrolls of poison {unknown}
 g - a scroll of fear {unknown}
 h - a scroll of magic mapping {unknown}
 i - 5 scrolls of teleportation {unknown}
 j - a scroll of fog {unknown}
 p - 2 scrolls of silence {unknown}
 s - 2 scrolls of noise {unknown}
 t - a scroll of vulnerability {unknown}
 x - a scroll of amnesia {unknown}
 C - a scroll of enchant armour {unknown}
 F - a scroll of acquirement {unknown}
Potions
 k - a potion of cancellation {unknown}
 l - a potion of degeneration {unknown}
 n - a potion of might {unknown}
 o - a potion of resistance
 q - 3 potions of lignification {unknown}
 z - 2 potions of curing
 A - 2 potions of invisibility {unknown}
 B - 2 potions of mutation {unknown}
 D - a potion of attraction {unknown}


   Skills:
 - Level 4.0 Fighting
 + Level 4.9 Short Blades
 - Level 2.2 Axes
 - Level 0.8 Throwing
 - Level 5.0 Armour
 - Level 1.3 Dodging
 - Level 1.7 Spellcasting
 - Level 3.0 Translocations
 - Level 5.0 Invocations


You had 10 spell levels left.
You didn't know any spells.
Your spell library contained the following spells:

 Spells                   Type           Power      Damage    Failure   Level
 Blink                    Tloc           26%        N/A       12%         2
 Lesser Beckoning         Tloc           26%        N/A       12%         2
 Teleport Other           Tloc           13%        N/A       24%         3
 Freeze                   Ice            4%         1d3       26%         1
 Sandblast                Erth           2%         2d4       26%         1
 Ensorcelled Hibernation  Hex/Ice        2%         N/A       38%         2
 Passwall                 Tmut/Erth      0%         N/A       38%         2
 Vhi's Electric Charge    Tloc/Air       14%        N/A       41%         3
 Manifold Assault         Tloc           13%        N/A       61%         4
 Frozen Ramparts          Ice            2%         1d1       63%         3
 Hailstorm                Conj/Ice       1%         3d3       63%         3
 Stone Arrow              Conj/Erth      2%         3d7       63%         3
 Swiftness                Air            1%         N/A       63%         3


Dungeon Overview and Level Annotations

Branches:
Dungeon (5/15)              Sewer (visited)         Ossuary (visited)
 Temple: D:4-7

Altars:
Okawaru

Annotations:
D:4 Duvessa


Innate Abilities, Weirdness & Mutations

You are completely covered in rugged brown scales. (AC +3, +7% HP)
Armour fits poorly on your strangely shaped body.
You have a long armoured tail.
You roll when moving toward enemies. (Rampage)
Your long tongue fully drains potion bottles. (2x potion effects)
Your tongue gives you trouble enunciating. (1.5x scroll delay)


Message History

You hit the howler monkey. You drain the howler monkey.
The howler monkey is heavily wounded.
The howler monkey hits you but does no damage.
You puncture the howler monkey!
You kill the howler monkey!
Okawaru accepts your kill.
No target in view!
Found a leather armour.
B - 2 black potions (gained 1)
An ogre comes into view. It is wielding a +0 giant spiked club.
Found a stone staircase leading down.
The ogre shouts!
A phantom comes into view.
You roll towards the phantom!
You hit the phantom.
The phantom is lightly damaged.
The phantom hits you but does no damage.
You barely miss the phantom.
The phantom hits you but does no damage.
You hit the phantom but do no damage. You tail-slap the phantom.
The phantom is lightly damaged.
The phantom hits you.
The phantom blinks!
You blink.
An iguana comes into view.
Found 5 stones and a robe.
The iguana hisses angrily.
The phantom barely misses you. The phantom attacks as you move away!
The phantom barely misses you.
There is a stone staircase leading up here.
The ogre hits you with a +0 giant spiked club!
The phantom hits you.
You climb upwards.
Level annotation: Duvessa
There is a stone staircase leading down here.
The phantom attacks as you move away! The phantom closely misses you.
There is an escape hatch in the ceiling here.
The phantom attacks as you move away! The phantom barely misses you.
The ogre hits you with a +0 giant spiked club!!
* * * LOW HITPOINT WARNING * * *
The ogre attacks as you move away!
The ogre hits you with a +0 giant spiked club!!
You die...

##.## ### #...## ##.##
#....# ##...#
####...####....##
#.)...#.##......#
##.##)...........#
##...##...........#
##8...8##..........#
#..@....#<...##....#
#.WO8.>.#.....##....
#.......#.....##.#..
##8.>.8##.#...####..
##...#######.#.#... ###
###########...#.......
#.###.#......##......##...
###............###......#...
#...............#.......#...


You could see an ogre and a phantom.

Vanquished Creatures
  Pikel (D:3)
  2 lemures (D:3)
  An elf zombie (Ossuary)
  2 scorpions (D:5)
  Dowan (D:4)
  A howler monkey (D:5)
  A centaur zombie (Ossuary)
  2 hounds (D:5)
  A jelly (D:4)
  Natasha (thrice) (D:4)
  A hell rat (Sewer)
  An orc wizard (D:4)
  2 mummies (Ossuary)
  Robin (D:3)
  3 adders
  3 gnolls
  3 river rats (D:5)
  An ufetubus (D:4)
  3 adder zombies (Ossuary)
  2 worms (D:3)
  7 orcs
  4 bats
  An endoplasm (D:4)
  7 giant cockroaches
  10 goblins
  7 hobgoblins
  2 kobolds
  8 quokkas
  5 ball pythons
  3 frilled lizards
  A goblin zombie (Ossuary)
  5 hobgoblin zombies (Ossuary)
  3 jackal zombies (Ossuary)
  13 kobold zombies (Ossuary)
  8 orc zombies (Ossuary)
  4 rats
  2 rat zombies (Ossuary)
125 creatures vanquished.

Notes
Turn   | Place    | Note
-------+----------+-------------------------------------------
     0 | D:1      | belegose the Armataur Warper began the quest for the Orb.
     0 | D:1      | Reached XP level 1. HP: 18/18 MP: 3/3
   721 | D:2      | Reached XP level 2. HP: 25/25 MP: 4/4
   881 | D:2      | Found a faded altar of an unknown god.
  1157 | D:2      | Reached XP level 3. HP: 4/32 MP: 5/5
  1220 | D:2      | You fall into a shaft and drop 1 floor!
  1378 | D:2      | Found an iron altar of Okawaru.
  1426 | D:2      | Became a worshipper of Warmaster Okawaru
  2348 | D:3      | Noticed Robin
  2375 | D:3      | Killed Robin
  2376 | D:3      | Reached XP level 4. HP: 8/39 MP: 6/6
  2639 | D:4      | Noticed Natasha
  2645 | D:4      | Killed Natasha
  2646 | D:4      | Reached skill level 1 in Short Blades
  2646 | D:4      | Reached skill level 1 in Invocations
  2846 | D:4      | Reached XP level 5. HP: 30/47 MP: 7/7
  2938 | D:4      | Noticed Natasha
  2954 | D:4      | Killed Natasha
  3110 | D:4      | Identified the +7 short sword "Ivokhlots" {drain, Int+6}
  3200 | D:4      | Noticed Dowan
  3205 | D:4      | Noticed Duvessa
  3274 | D:4      | Noticed a lemure
  3274 | D:4      | Noticed Natasha
  3293 | D:3      | Killed a lemure
  3375 | D:4      | Noticed a lemure
  3375 | D:4      | Noticed Pikel
  3376 | D:4      | Noticed a lemure
  3387 | D:3      | Killed a lemure
  3517 | D:3      | Killed Pikel
  3517 | D:3      | Reached * piety under Okawaru
  3518 | D:3      | Reached XP level 6. HP: 19/55 MP: 8/8
  3518 | D:3      | Reached XP level 7. HP: 21/63 MP: 9/9
  3783 | D:4      | Reached skill level 5 in Armour
  3901 | D:4      | Killed Natasha
  3901 | D:4      | Reached ** piety under Okawaru
  4020 | D:4      | Killed Dowan
  4072 | D:5      | Entered Level 5 of the Dungeon
  4131 | D:5      | Found a sand-covered staircase.
  4141 | Ossuary  | Entered an ossuary
  4572 | D:5      | Reached XP level 8. HP: 67/70 MP: 11/11
  4597 | D:5      | Found a glowing drain.
  4637 | Sewer    | Entered a sewer
  4851 | D:5      | Reached skill level 5 in Invocations
  4964 | D:5      | Identified the +5 whip of the Reaper {venom, rF+ Dex+2}
  5030 | D:4      | Slain by an ogre

Illustrated notes

Levels and vault maps discovered:
D:1:      kennysheep_arrival_forest, layout_loops_ring, minmay_misc_feat_encased
D:2:      layout_rooms, basic_altar,
          dreamdust_ecumenical_altar_hidden_monk_grotto, minmay_tromino_v7
D:3:      layout_basic, uniq_robin
D:4:      layout_cave_pools, grunt_ministairs_7,
          corexii_item_surrounded_by_moat, uniq_duvessa, uniq_pikel,
          uniq_natasha
D:5:      layout_loops_ring, enter_ossuary_1, portal_sewer_entry_b,
          uniq_crazy_yiuf_cottage

Skill      XL: |  1  2  3  4  5  6  7  8 |
---------------+-------------------------+-----
Fighting       | 2 4 |  4.0
Axes           | 2 |  2.2
Armour         | 2 3 4 5 |  5.0
Short Blades   | 1 3 4 |  4.9
Invocations    | 1 3 4 5 |  5.0
Throwing       | |  0.8
Dodging        | |  1.3
Spellcasting   | |  1.7
Translocations | |  3.0

Action                     |  1- 3 |  4- 6 |  7- 9 || total
---------------------------+-------+-------+-------++-------
  Melee: Hand axe          |    92 |     8 |       ||   100
         Tailslap          |    13 |    16 |    34 ||    63
         Dagger            |    70 |    68 |   103 ||   241
         Punch             |     1 |     1 |     7 ||     9
         Short sword       |       |    31 |   135 ||   166
   Fire: Sling             |     3 |       |       ||     3
  Throw: Boomerang         |       |     7 |       ||     7
 Invoke: Heroism           |       |       |     1 ||     1
    Use: Potion            |     1 |     2 |       ||     3
 Armour: Leather armour    |    43 |       |       ||    43
         Ring mail         |    14 |    45 |    91 ||   150
  Dodge: Dodged            |    86 |    40 |    66 ||   192
